Map: Acid Plant LE

Players

Cham - Winner!

  • Race: Zerg Zerg
  • Spawn Location: 11:00

MDStephano (Stephano)

  • Race: Zerg Zerg
  • Spawn Location: 5:00

Event: WCS Montreal 2018

VOD

Have the link to the VOD?

Description

Time

  • Played on: Sept. 7, 2018, 8:14 p.m.
  • Length: 8:29

All games in this series

Show
View Real Time Build Order
Export as new Build Order

Cham Zerg - Winner!

Build Orders: Hatch First 

Get SALT Encoding   

  12  0:00  Drone  
  13  0:08  Drone  
  14  0:17  Overlord  
  14  0:36  Drone x3  
  17  0:52  Hatchery  
  17  0:55  Drone  
  17  0:59  Drone  
  17  1:03  Extractor  
  17  1:14  Spawning Pool  
  17  1:18  Drone  
  17  1:20  Drone  
  18  1:30  Drone  
  19  1:44  Overlord  
  19  1:59  Drone  
  20  2:01  Queen  
  20  2:04  Metabolic Boost  
  20  2:05  Queen  
  24  2:09  Zergling x4  
  24  2:13  Drone  
  27  2:16  Drone  
  28  2:27  Overlord  
  28  2:29  Drone  
  29  2:38  Hatchery  
  29  2:42  Drone  
  29  2:45  Drone  
  29  2:49  Drone  
  31  2:52  Overlord  
  31  2:57  Zergling x2  
  32  2:58  Zergling x2  
  33  3:07  Zergling x2  
  33  3:10  Zergling x2  
  35  3:12  Zergling x2  
  35  3:13  Zergling x4  
  37  3:20  Zergling x6  
  37  3:24  Drone x2  
  42  3:31  Roach Warren  
  42  3:32  Drone  
  42  3:34  Drone  
  43  3:41  Drone  
  43  3:43  Overlord  
  43  3:46  Drone x2  
  43  3:47  Drone  
  47  3:52  Drone x2  
  48  3:59  Drone x2  
  48  4:02  Drone x2  
  51  4:08  Drone  
  49  4:10  Queen  
  49  4:11  Roach  
  49  4:14  Roach  
  49  4:16  Roach  
  55  4:19  Roach  
  55  4:22  Roach  
  58  4:26  Extractor, Roach  
  58  4:29  Lair  
  59  4:38  Roach x2  
  62  4:42  Overlord  
  62  4:43  Drone x4  
  66  4:50  Overlord  
  66  4:53  Overlord  
  66  4:55  Extractor  
  66  4:56  Drone, Overlord  
  66  5:01  Drone x2  
  66  5:04  Drone x2  
  66  5:06  Drone x2  
  72  5:09  Drone x2  
  72  5:11  Extractor  
  73  5:15  Drone x3  
  73  5:16  Drone  
  73  5:20  Overlord  
  77  5:22  Drone x2  
  77  5:26  Overlord  
  77  5:27  Drone  
  79  5:30  Glial Reconstitution  
  79  5:33  Overlord  
  79  5:36  Roach  
  79  5:37  Roach  
  79  5:39  Roach  
  87  5:42  Roach  
  87  5:45  Roach  
  87  5:46  Roach  
  87  5:47  Roach  
  93  5:50  Overlord  
  93  5:52  Roach  
  93  5:53  Roach  
  93  5:56  Roach  
  99  5:58  Roach  
  99  6:00  Roach  
  99  6:03  Roach  
  105  6:05  Roach  
  105  6:06  Roach  
  105  6:09  Roach  
  105  6:10  Roach  
  112  6:12  Roach  
  112  6:13  Roach  
  112  6:16  Overlord  
  118  6:18  Roach  
  118  6:20  Roach  
  118  6:23  Roach  
  121  6:26  Roach x2  
  121  6:27  Roach  
  121  6:30  Roach  
  127  6:33  Roach  
  127  6:34  Overlord  
  127  6:36  Overlord  
  129  6:43  Overlord  
  129  6:47  Extractor  
  129  6:48  Roach  
  129  6:51  Overlord x2  
  129  6:53  Ravager  
  129  6:54  Ravager x3  
  135  6:55  Roach x2  
  135  6:56  Zergling x2, Roach  
  142  7:02  Roach x3  
  142  7:11  Roach x4  
  141  7:16  Roach  
  141  7:17  Roach  
  134  7:24  Roach x2  
  134  7:25  Roach x2  
  134  7:26  Zergling x4  
  142  7:35  Roach x3  
  142  7:36  Roach  
  150  7:39  Roach x2  
  156  7:44  Zergling x2, Roach x2  
  156  7:45  Zergling x2  
  157  7:52  Roach x4  
  157  7:55  Roach  
  167  8:02  Zergling x2, Roach  
  167  8:04  Roach  
Show
View Real Time Build Order
Export as new Build Order

MDStephano Zerg 

Build Orders: Hatch First 

Get SALT Encoding   

  12  0:00  Drone  
  13  0:12  Overlord  
  13  0:17  Drone  
  14  0:31  Drone x2  
  16  0:47  Hatchery  
  15  0:51  Drone  
  15  0:55  Drone  
  17  0:59  Drone  
  18  1:09  Extractor  
  17  1:14  Spawning Pool  
  17  1:17  Drone  
  17  1:20  Drone  
  18  1:28  Drone  
  19  1:39  Drone  
  20  1:49  Drone  
  21  2:00  Queen x2  
  21  2:01  Drone, Overlord  
  26  2:13  Drone x2, Metabolic Boost  
  28  2:22  Drone x2  
  30  2:32  Hatchery  
  29  2:39  Queen  
  29  2:43  Zergling x2  
  32  2:49  Baneling Nest  
  31  2:51  Overlord  
  31  2:54  Drone  
  31  2:55  Drone  
  33  3:07  Drone  
  33  3:08  Drone x2  
  33  3:12  Overlord  
  36  3:15  Queen  
  36  3:16  Drone  
  36  3:19  Zergling x2  
  37  3:21  Drone  
  37  3:23  Zergling x2  
  39  3:27  Overlord  
  39  3:33  Drone x2, Baneling  
  41  3:35  Zergling x2  
  41  3:38  Zergling x2  
  41  3:40  Baneling  
  41  3:41  Baneling  
  43  3:43  Baneling  
  43  3:44  Zergling x2  
  43  3:46  Zergling x4  
  46  3:51  Zergling x6  
  49  3:59  Overlord  
  49  4:01  Overlord  
  49  4:04  Overlord  
  49  4:09  Drone x4  
  52  4:14  Extractor  
  52  4:16  Drone x2  
  53  4:22  Extractor, Roach Warren  
  51  4:24  Drone  
  51  4:25  Evolution Chamber  
  51  4:29  Drone x3  
  53  4:39  Drone  
  54  4:49  Overlord  
  52  4:53  Zerg Missile Weapons Level 1  
  50  5:10  Drone x6  
  50  5:11  Drone, Lair  
  57  5:14  Roach x5  
  57  5:15  Drone  
  57  5:16  Drone  
  57  5:18  Roach  
  69  5:22  Spine Crawler, Roach  
  71  5:28  Roach x2  
  71  5:33  Roach x2  
  71  5:34  Overlord  
  77  5:36  Zergling x4  
  77  5:37  Zergling x2  
  77  5:40  Drone x3  
  77  5:42  Drone x3  
  86  5:47  Extractor  
  86  5:48  Extractor  
  85  5:53  Drone x3  
  88  5:58  Extractor  
  88  6:01  Drone x4  
  91  6:07  Drone x5  
  91  6:10  Hatchery, Glial Reconstitution  
  95  6:12  Pneumatized Carapace  
  95  6:13  Overseer  
  95  6:22  Overlord  
  95  6:24  Overlord  
  95  6:29  Drone x3  
  100  6:33  Roach x4  
  100  6:36  Spine Crawler x2  
  100  6:37  Roach  
  100  6:38  Spine Crawler  
  105  6:41  Roach  
  105  6:42  Spine Crawler  
  105  6:44  Roach  
  105  6:46  Roach  
  110  6:50  Roach x2  
  110  6:51  Overlord  
  114  6:55  Baneling x4  
  114  7:01  Overlord  
  106  7:09  Roach x5  
  104  7:17  Roach x7  
  104  7:22  Roach x3  
  114  7:23  Roach  
  114  7:26  Roach x2  
  114  7:28  Roach  
  108  7:31  Roach  
  108  7:34  Roach x2  
  99  7:39  Roach x2  
  99  7:43  Roach x2  
  104  7:47  Roach  
  104  7:51  Roach x2  
  98  7:55  Roach x2  
  97  7:59  Roach x2  
  97  8:05  Roach x2  
  105  8:07  Roach  
Tags
 
Add a new tag
Caveats
  • Supply blocks, unpowered buildings, or Contaminate may cause inaccurate times.
  • Supply counts are checked every 10 seconds.